River Rats vs Saguenéens
(R1)
Created - 30 octobre 2014 at 19:45
Goals
|
River Rats |
0 |
1 |
3 |
4 |
Saguenéens |
3 |
3 |
0 |
6 |
|
Shots
|
River Rats |
14 |
8 |
9 |
31 |
Saguenéens |
18 |
17 |
5 |
40 |
|
1st period
1. Saguenéens , Joffrey Lupul 7 (Derek Morris) at 3:57
2. Saguenéens , David Moss 7 (Kyle Brodziak, Kris Russell) at 10:50
3. Saguenéens , Bryan Bickell 3 (Brian Flynn, Eric Tangradi) at 18:40
Penalties :
David Rundblad (Chi) for Hooking (Minor) at 16:25
2nd period
4. Saguenéens , Joffrey Lupul 8 (Marcus Johansson, David Moss) at 7:29
5. Saguenéens , Brian Flynn 7 (Derek Morris, Evgeny Dadonov) at 9:25 (PP)
6. Saguenéens , Brian Flynn 8 (Eric Tangradi) at 14:19
7. River Rats , Steve Quailer 6 (Peter Mueller, Martin Grenier) at 18:23
Penalties :
Tyler Bozak (Alb) for Holding (Minor) at 4:16, Damien Brunner (Alb) for Elbowing (Minor) at 8:01, Chris Mcallister (Alb) for Holding (Minor) at 10:07
3rd period
8. River Rats , Kellan Lain 4 (Michael Del Zotto, Tomas Kubalik) at 5:16
9. River Rats , Damien Brunner 9 (Lauri Korpikoski, Tyler Bozak) at 15:34
10. River Rats , Tyler Bozak 8 (Martin Grenier) at 15:40
Penalties :
Martin Grenier (Alb) for Holding (Minor) at 1:32, Marcus Johansson (Chi) for Hooking (Minor) at 5:52, Matt Jones (Alb) for Hooking (Minor) at 6:50, Ian Cole (Chi) for Hooking (Minor) at 16:11
Goalie Stats
Allen York (Alb), 11 saves from 11 shots - (1,000), 25:41 minutes
Braden Holtby (Alb), 23 saves from 29 shots - (0,793), L, 5-4-2, 34:19 minutes
James Reimer (Chi), 27 saves from 31 shots - (0,871), W, 4-5-2, 60:00 minutes
Players Stats for River Rats
Player Name G A P +/- PIM S H SB GA TA FO MP PP MP PK MP
------------------------------------------------------------------------------------
Andy Greene 0 0 0 1 0 3 3 1 0 4 0/0 22:15 3:35 0:32
Bryan Rodney 0 0 0 0 0 0 0 2 0 1 0/0 17:21 0:00 3:46
Chris Mcallister 0 0 0 0 2 3 1 1 0 0 0/2 20:19 2:57 3:06
Damien Brunner 1 0 1 -2 2 2 0 1 0 0 1/4 17:50 2:57 0:00
Jamie Arniel 0 0 0 -1 0 1 2 0 0 1 2/3 6:38 0:00 0:00
Jay Beagle 0 0 0 -1 0 0 0 2 1 0 0/0 9:01 0:00 2:00
Kellan Lain 1 0 1 1 0 1 0 0 0 0 6/12 15:27 0:00 4:24
Lauri Korpikoski 0 1 1 -1 0 0 1 1 0 0 2/4 15:35 0:00 0:55
Martin Grenier 0 2 2 0 2 7 1 3 1 1 0/0 27:27 1:21 3:19
Matt Jones 0 0 0 -2 2 1 1 3 0 0 0/0 20:23 1:20 4:25
Michael Del Zotto 0 1 1 -1 0 1 1 2 0 3 0/0 22:08 3:35 3:46
Patrick Maroon 0 0 0 1 0 0 1 1 0 1 0/0 12:39 1:59 0:00
Pavel Valentenko 0 0 0 0 0 1 1 0 0 0 0/0 11:12 0:00 0:50
Peter Mueller 0 1 1 1 0 5 1 0 0 0 7/15 15:19 1:59 0:52
Steve Quailer 1 0 1 1 0 2 2 0 1 0 0/0 14:05 1:59 0:00
Taylor Beck 0 0 0 -1 0 0 2 0 0 0 0/0 9:30 0:00 2:18
Tomas Kubalik 0 1 1 1 0 0 1 0 0 0 1/1 10:40 0:00 0:00
Tyler Bozak 1 1 2 -2 2 4 1 1 1 1 20/32 22:46 2:57 3:03
Players Stats for Saguenéens
Player Name G A P +/- PIM S H SB GA TA FO MP PP MP PK MP
------------------------------------------------------------------------------------
Brandon Burlon 0 0 0 2 0 1 0 0 1 1 0/0 17:59 0:00 2:30
Brian Flynn 2 1 3 1 0 5 0 0 2 0 8/15 14:22 4:16 0:00
Bryan Bickell 1 0 1 1 0 4 0 0 0 0 0/0 9:13 0:00 0:00
David Laliberté 0 0 0 0 0 3 0 0 0 0 1/2 14:30 0:00 2:35
David Moss 1 1 2 0 0 3 0 0 4 0 0/1 23:04 4:16 2:21
David Rundblad 0 0 0 -1 2 1 0 0 0 1 0/0 14:22 4:08 0:00
Derek Morris 0 2 2 2 0 1 5 3 0 0 0/0 25:53 4:11 2:30
Eric Tangradi 0 2 2 1 0 1 4 0 1 0 0/0 9:13 0:00 0:00
Evgeny Dadonov 0 1 1 0 0 4 2 0 1 1 0/2 21:29 4:24 0:00
Ian Cole 0 0 0 -1 2 1 0 0 0 0 0/0 22:00 4:11 0:00
Joffrey Lupul 2 0 2 0 0 4 3 1 0 0 0/1 16:06 3:55 0:00
Kris Russell 0 1 1 0 0 2 1 3 0 0 0/0 26:25 4:08 2:26
Kyle Brodziak 0 1 1 0 0 2 2 1 0 0 14/29 23:17 4:03 2:35
Marcus Johansson 0 1 1 0 2 3 2 0 1 1 9/18 15:41 4:03 0:00
Mike Sauer 0 0 0 0 0 1 1 1 1 0 0/0 13:21 0:00 2:26
Petteri Wirtanen 0 0 0 0 0 4 0 1 0 0 2/5 10:37 0:00 2:21
Rhett Rakhshani 0 0 0 0 0 0 0 1 1 0 0/0 8:14 0:00 0:00
Tyler McNeely 0 0 0 0 0 0 1 0 0 0 0/0 8:14 0:00 0:00
3 Stars
1 - Brian Flynn (Chi)
2 - Joffrey Lupul (Chi)
3 - Derek Morris (Chi)
Power Play
River Rats - 0 on 3 Attempt(s) - 0,00%
Saguenéens - 1 on 5 Attempt(s) - 20,00%
Penalty Kill
River Rats - 4 on 5 Attempt(s) - 80,00%
- Score 0 goal in Penalty Kill
Saguenéens - 3 on 3 Attempt(s) - 100,00%
- Score 0 goal in Penalty Kill
Official
Referees : Kimmerly Greg and Martell Rob
Linesman : Tony Sericolo and Andy McElman
Game Notes
Allen York enters game at 14:19 of 2nd period
Finance
Level 1 -- Attendance: 1332 (66,60%) -- Ticket Income 53 280 $
Level 2 -- Attendance: 701 (70,10%) -- Ticket Income 14 020 $
Total Attendance: 2033 (67,77%)
Total Ticket Income: 67 300 $
Other Income: 3 365 $
Total Income: 70 665 $
River Rats
5 vs 5 Forward
Center Left Wing Right Wing Time % Phy DF OF
1 Tyler Bozak Lauri Korpikoski Damien Brunner 40 1 2 2
2 Peter Mueller Chris Mcallister Steve Quailer 30 1 2 2
3 Kellan Lain Patrick Maroon Tomas Kubalik 20 1 2 2
4 Jamie Arniel Taylor Beck Jay Beagle 10 1 2 2
5 vs 5 Defense
Defense Defense Time % Phy DF OF
1 Martin Grenier Andy Greene 40 1 2 2
2 Matt Jones Michael Del Zotto 30 1 2 2
3 Bryan Rodney Pavel Valentenko 20 1 2 2
4 Bryan Rodney Martin Grenier 10 1 2 2
PowerPlay Forward
Center Left Wing Right Wing Time % Phy DF OF
1 Tyler Bozak Chris Mcallister Damien Brunner 60 1 2 2
2 Peter Mueller Patrick Maroon Steve Quailer 40 1 2 2
PowerPlay Defense
Defense Defense Time % Phy DF OF
1 Andy Greene Michael Del Zotto 60 1 2 2
2 Matt Jones Martin Grenier 40 1 2 2
Penalty Kill 4 Players Forward
Center Wing Time % Phy DF OF
1 Tyler Bozak Chris Mcallister 60 1 2 2
2 Kellan Lain Jay Beagle 40 1 2 2
Penalty Kill 4 Players Defense
Defense Defense Time % Phy DF OF
1 Martin Grenier Matt Jones 60 1 2 2
2 Bryan Rodney Michael Del Zotto 40 1 2 2
Penalty Kill - 3 Players Forward
Forward Time % Phy DF OF
1 Tyler Bozak 60 1 2 2
2 Jay Beagle 40 1 2 2
Penalty Kill - 3 Players Defense
Defense Defense Time % Phy DF OF
1 Martin Grenier Matt Jones 60 1 2 2
2 Bryan Rodney Michael Del Zotto 40 1 2 2
4 vs 4 Forward
Center Wing Time % Phy DF OF
1 Tyler Bozak Chris Mcallister 60 1 2 2
2 Peter Mueller Damien Brunner 40 1 2 2
4 vs 4 Defense
Defense Defense Time % Phy DF OF
1 Martin Grenier Matt Jones 60 1 2 2
2 Bryan Rodney Michael Del Zotto 40 1 2 2
Last Minutes Offensive
Center Left Wing Right Wing Defense Defense
Tyler Bozak Chris Mcallister Damien Brunner Martin Grenier Andy Greene
Last Minutes Defensive
Center Left Wing Right Wing Defense Defense
Tyler Bozak Chris Mcallister Damien Brunner Martin Grenier Andy Greene
Goaltenders
Starting : Braden Holtby
Backup : Allen York
Extra Forwards
Normal : Kellan Lain, Chris Mcallister, Jay Beagle - PP : Kellan Lain, Tomas Kubalik - PK : Chris Mcallister
Extra Defensemen
Normal : Pavel Valentenko, Michael Del Zotto, Bryan Rodney - PP : Bryan Rodney - PK : Pavel Valentenko, Bryan Rodney
Penalty Shots
Tyler Bozak, Chris Mcallister, Damien Brunner, Peter Mueller, Kellan Lain
Saguenéens
5 vs 5 Forward
Center Left Wing Right Wing Time % Phy DF OF
1 Kyle Brodziak Evgeny Dadonov David Moss 40 1 2 2
2 Marcus Johansson Joffrey Lupul David Laliberté 30 1 2 2
3 Brian Flynn Eric Tangradi Bryan Bickell 20 1 2 2
4 Petteri Wirtanen Tyler McNeely Rhett Rakhshani 10 1 2 2
5 vs 5 Defense
Defense Defense Time % Phy DF OF
1 Kris Russell Ian Cole 37 1 2 2
2 Derek Morris Brandon Burlon 33 1 2 2
3 David Rundblad Mike Sauer 20 1 2 2
4 Derek Morris Kris Russell 10 0 2 3
PowerPlay Forward
Center Left Wing Right Wing Time % Phy DF OF
1 Brian Flynn Evgeny Dadonov David Moss 55 1 1 3
2 Marcus Johansson Joffrey Lupul Kyle Brodziak 45 1 1 3
PowerPlay Defense
Defense Defense Time % Phy DF OF
1 Derek Morris Ian Cole 50 0 2 3
2 David Rundblad Kris Russell 50 0 2 3
Penalty Kill 4 Players Forward
Center Wing Time % Phy DF OF
1 Kyle Brodziak David Laliberté 50 1 3 1
2 Petteri Wirtanen David Moss 50 2 2 1
Penalty Kill 4 Players Defense
Defense Defense Time % Phy DF OF
1 Mike Sauer Kris Russell 50 1 3 1
2 Derek Morris Brandon Burlon 50 1 3 1
Penalty Kill - 3 Players Forward
Forward Time % Phy DF OF
1 Kyle Brodziak 50 1 3 1
2 David Moss 50 1 3 1
Penalty Kill - 3 Players Defense
Defense Defense Time % Phy DF OF
1 Mike Sauer Kris Russell 50 1 3 1
2 Derek Morris Brandon Burlon 50 1 3 1
4 vs 4 Forward
Center Wing Time % Phy DF OF
1 Kyle Brodziak Evgeny Dadonov 50 1 1 3
2 Marcus Johansson Joffrey Lupul 50 2 1 2
4 vs 4 Defense
Defense Defense Time % Phy DF OF
1 Kris Russell Mike Sauer 50 1 2 2
2 Derek Morris Ian Cole 50 1 2 2
Last Minutes Offensive
Center Left Wing Right Wing Defense Defense
Kyle Brodziak Evgeny Dadonov Joffrey Lupul Ian Cole Derek Morris
Last Minutes Defensive
Center Left Wing Right Wing Defense Defense
Kyle Brodziak Evgeny Dadonov David Moss Kris Russell Derek Morris
Goaltenders
Starting : James Reimer
Backup : Harru Sateri
Extra Forwards
Normal : Brian Flynn, David Laliberté, Evgeny Dadonov - PP : Eric Tangradi, Bryan Bickell - PK : Joffrey Lupul
Extra Defensemen
Normal : Kris Russell, Ian Cole, Derek Morris - PP : Brandon Burlon - PK : Brandon Burlon, Ian Cole
Penalty Shots
Evgeny Dadonov, David Moss, Joffrey Lupul, Kyle Brodziak, Bryan Bickell
% Time on Ice - River Rats
Lines # - Real PCT - Wanted PCT - Time Play
Normal Forward
1 - 36% - 40% - 16:20
2 - 26% - 30% - 12:06
3 - 23% - 20% - 10:40
4 - 15% - 10% - 6:38
Normal Defense
1 - 40% - 40% - 18:31
2 - 32% - 30% - 14:44
3 - 20% - 20% - 9:16
4 - 7% - 10% - 3:13
PP Forward
1 - 60% - 60% - 2:57
2 - 40% - 40% - 1:59
PP Defense
1 - 73% - 60% - 3:35
2 - 27% - 40% - 1:21
PK Forward
1 - 78% - 60% - 6:27
2 - 22% - 40% - 1:52
PK Defense
1 - 55% - 60% - 4:33
2 - 45% - 40% - 3:46
PK3 Forward
1 - 0% - 60%
2 - 0% - 40%
PK3 Defense
1 - 0% - 60%
2 - 0% - 40%
44 Forward
1 - 82% - 60% - 0:50
2 - 18% - 40% - 0:11
44 Defense
1 - 100% - 60% - 1:01
2 - 0% - 40% - 0:00
Last Minute Offensive - 0:00
Last Minute Defensive - 0:00
Total
Forward - 60:00
Defense - 60:00
|
% Time on Ice - Saguenéens
Lines # - Real PCT - Wanted PCT - Time Play
Normal Forward
1 - 36% - 40% - 16:36
2 - 26% - 30% - 11:41
3 - 20% - 20% - 9:13
4 - 18% - 10% - 8:14
Normal Defense
1 - 39% - 37% - 17:50
2 - 35% - 33% - 15:52
3 - 22% - 20% - 9:52
4 - 5% - 10% - 2:10
PP Forward
1 - 53% - 55% - 4:24
2 - 47% - 45% - 3:55
PP Defense
1 - 49% - 50% - 4:03
2 - 51% - 50% - 4:16
PK Forward
1 - 52% - 50% - 2:35
2 - 48% - 50% - 2:21
PK Defense
1 - 49% - 50% - 2:26
2 - 51% - 50% - 2:30
PK3 Forward
1 - 0% - 50%
2 - 0% - 50%
PK3 Defense
1 - 0% - 50%
2 - 0% - 50%
44 Forward
1 - 48% - 50% - 0:29
2 - 52% - 50% - 0:32
44 Defense
1 - 64% - 50% - 0:39
2 - 36% - 50% - 0:22
Last Minute Offensive - 0:00
Last Minute Defensive - 0:00
Total
Forward - 60:00
Defense - 60:00
|
Play by Play
1st period
0:01 of 1st period - Tyler Bozak wins face-off versus Kyle Brodziak in neutral zone.
0:14 of 1st period - Snap shot by Tyler Bozak.
0:14 of 1st period - Shot Blocked by Kris Russell.
0:33 of 1st period - Icing by Ian Cole.
0:34 of 1st period - Marcus Johansson wins face-off versus Kellan Lain in Saguenéens zone.
0:55 of 1st period - Snap shot by Marcus Johansson.
0:55 of 1st period - Stopped by Braden Holtby without a rebound.
0:56 of 1st period - Jamie Arniel wins face-off versus Brian Flynn in River Rats zone.
0:56 of 1st period - Jamie Arniel is hit by Eric Tangradi.
1:08 of 1st period - Snap shot by Jamie Arniel.
1:08 of 1st period - Stopped by James Reimer with a rebound.
1:10 of 1st period - Snap shot by Pavel Valentenko.
1:10 of 1st period - Stopped by James Reimer with a rebound.
1:26 of 1st period - Wrist shot by Chris Mcallister.
1:26 of 1st period - Shot Misses the Net.
2:03 of 1st period - Patrick Maroon is hit by Marcus Johansson and loses puck.
2:10 of 1st period - Snap shot by Kellan Lain.
2:10 of 1st period - Shot Misses the Net.
3:33 of 1st period - Off-side.
3:34 of 1st period - Kellan Lain wins face-off versus Marcus Johansson in neutral zone.
3:47 of 1st period - Snap shot by Patrick Maroon.
3:47 of 1st period - Shot Blocked by Derek Morris.
3:55 of 1st period - Snap shot by Joffrey Lupul.
3:55 of 1st period - Shot Blocked by Matt Jones.
3:57 of 1st period - Wrist shot by Joffrey Lupul.
3:57 of 1st period - Goal by Joffrey Lupul - River Rats : 0 - Saguenéens : 1.
3:58 of 1st period - Tyler Bozak wins face-off versus Kyle Brodziak in neutral zone.
4:09 of 1st period - Wrist shot by Damien Brunner.
4:09 of 1st period - Shot Misses the Net.
4:23 of 1st period - Kris Russell is hit by Steve Quailer.
4:45 of 1st period - Wrist shot by Marcus Johansson.
4:45 of 1st period - Stopped by Braden Holtby with a rebound.
4:47 of 1st period - Snap shot by Derek Morris.
4:47 of 1st period - Deflect By David Laliberté.
4:47 of 1st period - Shot Misses the Net.
4:47 of 1st period - Puck is out of play.
4:48 of 1st period - David Laliberté wins face-off versus Kellan Lain in River Rats zone.
4:55 of 1st period - Wrist shot by Marcus Johansson.
4:55 of 1st period - Deflect By Joffrey Lupul.
4:55 of 1st period - Shot Misses the Net.
4:55 of 1st period - Puck is out of play.
4:56 of 1st period - Tyler Bozak wins face-off versus Kyle Brodziak in River Rats zone.
5:48 of 1st period - Off-side.
5:49 of 1st period - Tyler Bozak wins face-off versus Kyle Brodziak in neutral zone.
5:52 of 1st period - David Moss is hit by Matt Jones and loses puck.
6:11 of 1st period - Kyle Brodziak is hit by Tyler Bozak and loses puck.
6:24 of 1st period - Snap shot by Tyler McNeely.
6:24 of 1st period - Shot Misses the Net.
6:26 of 1st period - Slapshot by Petteri Wirtanen.
6:26 of 1st period - Shot Misses the Net.
6:28 of 1st period - Snap shot by Petteri Wirtanen.
6:28 of 1st period - Stopped by Braden Holtby with a rebound.
6:30 of 1st period - Slapshot by Brandon Burlon.
6:30 of 1st period - Shot Blocked by Michael Del Zotto.
7:38 of 1st period - Wrist shot by Peter Mueller.
7:38 of 1st period - Stopped by James Reimer with a rebound.
7:48 of 1st period - Snap shot by Evgeny Dadonov.
7:48 of 1st period - Stopped by Braden Holtby with a rebound.
8:06 of 1st period - Slapshot by Derek Morris.
8:06 of 1st period - Stopped by Braden Holtby with a rebound.
8:08 of 1st period - Snap shot by Kris Russell.
8:08 of 1st period - Shot Blocked by Martin Grenier.
8:10 of 1st period - Slapshot by Ian Cole.
8:10 of 1st period - Deflect By Joffrey Lupul.
8:10 of 1st period - Stopped by Braden Holtby with a rebound.
8:12 of 1st period - Slapshot by Kris Russell.
8:12 of 1st period - Deflect By Marcus Johansson.
8:12 of 1st period - Shot Misses the Net.
8:12 of 1st period - Puck is out of play.
8:13 of 1st period - Lauri Korpikoski wins face-off versus Evgeny Dadonov in River Rats zone.
8:46 of 1st period - Snap shot by Brian Flynn.
8:46 of 1st period - Stopped by Braden Holtby with a rebound.
9:06 of 1st period - Slapshot by Kris Russell.
9:06 of 1st period - Deflect By Pavel Valentenko.
9:06 of 1st period - Stopped by Braden Holtby with a rebound.
9:08 of 1st period - Slapshot by Brian Flynn.
9:08 of 1st period - Shot Misses the Net.
9:10 of 1st period - Slapshot by Kris Russell.
9:10 of 1st period - Shot Misses the Net.
9:12 of 1st period - Slapshot by Ian Cole.
9:12 of 1st period - Shot Misses the Net.
9:14 of 1st period - Snap shot by Kris Russell.
9:14 of 1st period - Stopped by Braden Holtby with a rebound.
9:16 of 1st period - Snap shot by Bryan Bickell.
9:16 of 1st period - Deflect By Brian Flynn.
9:16 of 1st period - Shot Misses the Net.
9:16 of 1st period - Puck is out of play.
9:17 of 1st period - Kyle Brodziak wins face-off versus Lauri Korpikoski in River Rats zone.
9:18 of 1st period - Wrist shot by Evgeny Dadonov.
9:18 of 1st period - Shot Blocked by Lauri Korpikoski.
9:30 of 1st period - Snap shot by Evgeny Dadonov.
9:30 of 1st period - Deflect By David Moss.
9:30 of 1st period - Shot Misses the Net.
9:30 of 1st period - Puck is out of play.
9:31 of 1st period - Kyle Brodziak wins face-off versus Peter Mueller in River Rats zone.
10:05 of 1st period - Matt Jones is hit by Derek Morris and loses puck.
10:28 of 1st period - Slapshot by Peter Mueller.
10:28 of 1st period - Shot Blocked by Derek Morris.
10:30 of 1st period - Slapshot by Matt Jones.
10:30 of 1st period - Shot Misses the Net.
10:32 of 1st period - Snap shot by Peter Mueller.
10:32 of 1st period - Shot Misses the Net.
10:34 of 1st period - Snap shot by Chris Mcallister.
10:34 of 1st period - Stopped by James Reimer without a rebound.
10:35 of 1st period - Kyle Brodziak wins face-off versus Tyler Bozak in Saguenéens zone.
10:50 of 1st period - Snap shot by David Moss.
10:50 of 1st period - Goal by David Moss - River Rats : 0 - Saguenéens : 2.
10:51 of 1st period - Tyler Bozak wins face-off versus Kyle Brodziak in neutral zone.
10:57 of 1st period - Off-side.
10:58 of 1st period - Kyle Brodziak wins face-off versus Tyler Bozak in neutral zone.
11:43 of 1st period - Snap shot by Kyle Brodziak.
11:43 of 1st period - Shot Misses the Net.
11:45 of 1st period - Snap shot by David Moss.
11:45 of 1st period - Stopped by Braden Holtby without a rebound.
11:46 of 1st period - Peter Mueller wins face-off versus Marcus Johansson in River Rats zone.
12:18 of 1st period - Snap shot by Chris Mcallister.
12:18 of 1st period - Stopped by James Reimer without a rebound.
12:19 of 1st period - Kellan Lain wins face-off versus Petteri Wirtanen in Saguenéens zone.
12:20 of 1st period - Slapshot by Martin Grenier.
12:20 of 1st period - Stopped by James Reimer with a rebound.
12:27 of 1st period - Ian Cole is hit by Andy Greene and loses puck.
12:40 of 1st period - Snap shot by Tyler McNeely.
12:40 of 1st period - Shot Blocked by Martin Grenier.
13:34 of 1st period - Snap shot by Petteri Wirtanen.
13:34 of 1st period - Stopped by Braden Holtby with a rebound.
13:40 of 1st period - Wrist shot by Petteri Wirtanen.
13:40 of 1st period - Shot Misses the Net.
14:00 of 1st period - Snap shot by Petteri Wirtanen.
14:00 of 1st period - Stopped by Braden Holtby without a rebound.
14:01 of 1st period - Kyle Brodziak wins face-off versus Lauri Korpikoski in River Rats zone.
14:27 of 1st period - David Moss is hit by Michael Del Zotto and loses puck.
15:02 of 1st period - Off-side.
15:03 of 1st period - Marcus Johansson wins face-off versus Tyler Bozak in neutral zone.
15:08 of 1st period - Icing by Lauri Korpikoski.
15:09 of 1st period - Marcus Johansson wins face-off versus Damien Brunner in River Rats zone.
15:14 of 1st period - Snap shot by Marcus Johansson.
15:14 of 1st period - Stopped by Braden Holtby without a rebound.
15:15 of 1st period - Tyler Bozak wins face-off versus Marcus Johansson in River Rats zone.
15:24 of 1st period - Wrist shot by David Laliberté.
15:24 of 1st period - Stopped by Braden Holtby with a rebound.
15:26 of 1st period - Snap shot by David Laliberté.
15:26 of 1st period - Stopped by Braden Holtby without a rebound.
15:27 of 1st period - Tyler Bozak wins face-off versus Marcus Johansson in River Rats zone.
15:27 of 1st period - Tyler Bozak is hit by Joffrey Lupul.
15:33 of 1st period - Wrist shot by Damien Brunner.
15:33 of 1st period - Shot Blocked by Joffrey Lupul.
15:35 of 1st period - Slapshot by Martin Grenier.
15:35 of 1st period - Stopped by James Reimer with a rebound.
15:37 of 1st period - Slapshot by Martin Grenier.
15:37 of 1st period - Deflect By Derek Morris.
15:37 of 1st period - Stopped by James Reimer with a rebound.
15:39 of 1st period - Slapshot by Martin Grenier.
15:39 of 1st period - Stopped by James Reimer without a rebound.
15:40 of 1st period - Kyle Brodziak wins face-off versus Tyler Bozak in Saguenéens zone.
15:45 of 1st period - Snap shot by Kyle Brodziak.
15:45 of 1st period - Shot Misses the Net.
15:51 of 1st period - Slapshot by Tyler Bozak.
15:51 of 1st period - Stopped by James Reimer with a rebound.
15:53 of 1st period - Snap shot by Damien Brunner.
15:53 of 1st period - Shot Misses the Net.
15:55 of 1st period - Wrist shot by Lauri Korpikoski.
15:55 of 1st period - Shot Misses the Net.
16:05 of 1st period - David Moss is hit by Jamie Arniel and loses puck.
16:16 of 1st period - Wrist shot by Jamie Arniel.
16:16 of 1st period - Shot Misses the Net.
16:18 of 1st period - Wrist shot by Martin Grenier.
16:18 of 1st period - Deflect By Taylor Beck.
16:18 of 1st period - Shot Blocked by Kyle Brodziak.
16:18 of 1st period - Puck is out of play.
16:19 of 1st period - Marcus Johansson wins face-off versus Damien Brunner in Saguenéens zone.
16:25 of 1st period - Minor Penalty to David Rundblad for Hooking.
16:26 of 1st period - Kyle Brodziak wins face-off versus Tyler Bozak in Saguenéens zone.
16:37 of 1st period - Snap shot by Chris Mcallister.
16:37 of 1st period - Stopped by James Reimer without a rebound.
16:38 of 1st period - Petteri Wirtanen wins face-off versus Tyler Bozak in Saguenéens zone.
16:51 of 1st period - Off-side.
16:52 of 1st period - Kyle Brodziak wins face-off versus Tyler Bozak in neutral zone.
16:57 of 1st period - Wrist shot by David Laliberté.
16:57 of 1st period - Shot Blocked by Michael Del Zotto.
17:25 of 1st period - Slapshot by Matt Jones.
17:25 of 1st period - Shot Misses the Net.
17:27 of 1st period - Slapshot by Martin Grenier.
17:27 of 1st period - Deflect By Mike Sauer.
17:27 of 1st period - Stopped by James Reimer without a rebound.
17:28 of 1st period - Damien Brunner wins face-off versus Petteri Wirtanen in Saguenéens zone.
17:59 of 1st period - Wrist shot by Steve Quailer.
17:59 of 1st period - Shot Misses the Net.
18:09 of 1st period - David Laliberté is hit by Patrick Maroon and loses puck.
18:25 of 1st period - Penalty to David Rundblad is over, David Rundblad is back on ice.
18:40 of 1st period - Wrist shot by Bryan Bickell.
18:40 of 1st period - Goal by Bryan Bickell - River Rats : 0 - Saguenéens : 3.
18:41 of 1st period - Marcus Johansson wins face-off versus Jamie Arniel in neutral zone.
19:12 of 1st period - Damien Brunner is hit by Derek Morris and loses puck.
19:31 of 1st period - Wrist shot by Peter Mueller.
19:31 of 1st period - Stopped by James Reimer with a rebound.
19:33 of 1st period - Snap shot by Peter Mueller.
19:33 of 1st period - Stopped by James Reimer with a rebound.
Goals for this period are 0 for River Rats vs 3 for Saguenéens.
Shots for this period are 14 for River Rats vs 18 for Saguenéens.
2nd period
0:01 of 2nd period - Tyler Bozak wins face-off versus Marcus Johansson in neutral zone.
0:37 of 2nd period - Wrist shot by Peter Mueller.
0:37 of 2nd period - Stopped by James Reimer with a rebound.
0:53 of 2nd period - Wrist shot by Eric Tangradi.
0:53 of 2nd period - Shot Blocked by Jay Beagle.
0:55 of 2nd period - Snap shot by Mike Sauer.
0:55 of 2nd period - Stopped by Braden Holtby with a rebound.
1:13 of 2nd period - Snap shot by Tyler McNeely.
1:13 of 2nd period - Shot Misses the Net.
1:31 of 2nd period - Slapshot by Martin Grenier.
1:31 of 2nd period - Shot Blocked by Rhett Rakhshani.
1:33 of 2nd period - Slapshot by Andy Greene.
1:33 of 2nd period - Stopped by James Reimer without a rebound.
1:34 of 2nd period - Kyle Brodziak wins face-off versus Tyler Bozak in Saguenéens zone.
2:45 of 2nd period - Snap shot by David Moss.
2:45 of 2nd period - Shot Blocked by Damien Brunner.
2:47 of 2nd period - Snap shot by Kyle Brodziak.
2:47 of 2nd period - Stopped by Braden Holtby with a rebound.
2:49 of 2nd period - Slapshot by Ian Cole.
2:49 of 2nd period - Deflect By Evgeny Dadonov.
2:49 of 2nd period - Shot Blocked by Matt Jones.
2:49 of 2nd period - Puck is out of play.
2:50 of 2nd period - Marcus Johansson wins face-off versus Peter Mueller in River Rats zone.
3:01 of 2nd period - Wrist shot by Joffrey Lupul.
3:01 of 2nd period - Stopped by Braden Holtby with a rebound.
3:03 of 2nd period - Snap shot by Mike Sauer.
3:03 of 2nd period - Shot Blocked by Matt Jones.
3:15 of 2nd period - Damien Brunner is hit by Mike Sauer and loses puck.
3:49 of 2nd period - Off-side.
3:50 of 2nd period - Peter Mueller wins face-off versus Marcus Johansson in neutral zone.
4:16 of 2nd period - Minor Penalty to Tyler Bozak for Holding.
4:17 of 2nd period - Brian Flynn wins face-off versus Kellan Lain in River Rats zone.
5:14 of 2nd period - Icing by David Rundblad.
5:15 of 2nd period - Brian Flynn wins face-off versus Peter Mueller in Saguenéens zone.
5:31 of 2nd period - Michael Del Zotto is hit by Joffrey Lupul and loses puck.
6:16 of 2nd period - Penalty to Tyler Bozak is over, Tyler Bozak is back on ice.
6:20 of 2nd period - Icing by Tyler Bozak.
6:21 of 2nd period - Marcus Johansson wins face-off versus Peter Mueller in River Rats zone.
6:54 of 2nd period - Slapshot by Matt Jones.
6:54 of 2nd period - Shot Misses the Net.
7:08 of 2nd period - Mike Sauer is hit by Peter Mueller and loses puck.
7:27 of 2nd period - Snap shot by Marcus Johansson.
7:27 of 2nd period - Shot Blocked by Jay Beagle.
7:29 of 2nd period - Wrist shot by Joffrey Lupul.
7:29 of 2nd period - Goal by Joffrey Lupul - River Rats : 0 - Saguenéens : 4.
7:30 of 2nd period - Lauri Korpikoski wins face-off versus Kyle Brodziak in neutral zone.
7:38 of 2nd period - Off-side.
7:39 of 2nd period - Tyler Bozak wins face-off versus Kyle Brodziak in neutral zone.
7:48 of 2nd period - Snap shot by David Moss.
7:48 of 2nd period - Shot Blocked by Bryan Rodney.
8:01 of 2nd period - Minor Penalty to Damien Brunner for Elbowing.
8:02 of 2nd period - Tyler Bozak wins face-off versus Brian Flynn in River Rats zone.
8:32 of 2nd period - Snap shot by Kyle Brodziak.
8:32 of 2nd period - Stopped by Braden Holtby with a rebound.
8:34 of 2nd period - Slapshot by David Rundblad.
8:34 of 2nd period - Stopped by Braden Holtby with a rebound.
9:09 of 2nd period - Icing by Marcus Johansson.
9:10 of 2nd period - Kellan Lain wins face-off versus Joffrey Lupul in Saguenéens zone.
9:23 of 2nd period - Wrist shot by Brian Flynn.
9:23 of 2nd period - Stopped by Braden Holtby with a rebound.
9:25 of 2nd period - Snap shot by Brian Flynn.
9:25 of 2nd period - Goal by Brian Flynn - River Rats : 0 - Saguenéens : 5.
9:26 of 2nd period - Tyler Bozak wins face-off versus Kyle Brodziak in neutral zone.
9:39 of 2nd period - Wrist shot by Damien Brunner.
9:39 of 2nd period - Shot Misses the Net.
10:02 of 2nd period - Snap shot by Bryan Bickell.
10:02 of 2nd period - Stopped by Braden Holtby without a rebound.
10:03 of 2nd period - Marcus Johansson wins face-off versus Peter Mueller in River Rats zone.
10:07 of 2nd period - Minor Penalty to Chris Mcallister for Holding.
10:08 of 2nd period - Brian Flynn wins face-off versus Tyler Bozak in River Rats zone.
10:50 of 2nd period - Off-side.
10:51 of 2nd period - Brian Flynn wins face-off versus Kellan Lain in neutral zone.
11:06 of 2nd period - Bryan Rodney is hit by Derek Morris and loses puck.
12:07 of 2nd period - Penalty to Chris Mcallister is over, Chris Mcallister is back on ice.
12:17 of 2nd period - Slapshot by Michael Del Zotto.
12:17 of 2nd period - Shot Misses the Net.
12:29 of 2nd period - Slapshot by Chris Mcallister.
12:29 of 2nd period - Deflect By Taylor Beck.
12:29 of 2nd period - Shot Misses the Net.
12:29 of 2nd period - Puck is out of play.
12:30 of 2nd period - Peter Mueller wins face-off versus Brian Flynn in Saguenéens zone.
12:35 of 2nd period - Wrist shot by Chris Mcallister.
12:35 of 2nd period - Shot Misses the Net.
12:41 of 2nd period - Andy Greene is hit by Eric Tangradi and loses puck.
13:06 of 2nd period - Slapshot by Martin Grenier.
13:06 of 2nd period - Stopped by James Reimer with a rebound.
13:26 of 2nd period - David Laliberté is hit by Taylor Beck and loses puck.
13:39 of 2nd period - Snap shot by Petteri Wirtanen.
13:39 of 2nd period - Stopped by Braden Holtby with a rebound.
13:55 of 2nd period - Bryan Rodney is hit by Derek Morris and loses puck.
14:19 of 2nd period - Wrist shot by Brian Flynn.
14:19 of 2nd period - Goal by Brian Flynn - River Rats : 0 - Saguenéens : 6.
14:19 of 2nd period - Allen York enters game.
14:20 of 2nd period - Kyle Brodziak wins face-off versus Peter Mueller in neutral zone.
14:29 of 2nd period - Snap shot by Chris Mcallister.
14:29 of 2nd period - Deflect By Steve Quailer.
14:29 of 2nd period - Stopped by James Reimer with a rebound.
14:53 of 2nd period - Wrist shot by Evgeny Dadonov.
14:53 of 2nd period - Stopped by Allen York without a rebound.
14:54 of 2nd period - Tyler Bozak wins face-off versus Marcus Johansson in River Rats zone.
15:16 of 2nd period - Icing by Martin Grenier.
15:17 of 2nd period - Brian Flynn wins face-off versus Tyler Bozak in River Rats zone.
15:20 of 2nd period - Wrist shot by Eric Tangradi.
15:20 of 2nd period - Shot Misses the Net.
15:26 of 2nd period - Snap shot by Evgeny Dadonov.
15:26 of 2nd period - Shot Misses the Net.
15:42 of 2nd period - Steve Quailer is hit by Joffrey Lupul and loses puck.
16:42 of 2nd period - Wrist shot by Ian Cole.
16:42 of 2nd period - Stopped by Allen York without a rebound.
16:43 of 2nd period - Kyle Brodziak wins face-off versus Peter Mueller in River Rats zone.
16:52 of 2nd period - Wrist shot by Evgeny Dadonov.
16:52 of 2nd period - Stopped by Allen York with a rebound.
16:54 of 2nd period - Snap shot by Brandon Burlon.
16:54 of 2nd period - Stopped by Allen York with a rebound.
16:56 of 2nd period - Wrist shot by Brandon Burlon.
16:56 of 2nd period - Shot Misses the Net.
16:58 of 2nd period - Snap shot by Evgeny Dadonov.
16:58 of 2nd period - Stopped by Allen York with a rebound.
17:08 of 2nd period - Snap shot by Brian Flynn.
17:08 of 2nd period - Deflect By Eric Tangradi.
17:08 of 2nd period - Shot Blocked by Chris Mcallister.
17:08 of 2nd period - Puck is out of play.
17:09 of 2nd period - Brian Flynn wins face-off versus Tyler Bozak in River Rats zone.
17:20 of 2nd period - Wrist shot by Bryan Bickell.
17:20 of 2nd period - Stopped by Allen York with a rebound.
18:17 of 2nd period - Slapshot by Andy Greene.
18:17 of 2nd period - Stopped by James Reimer with a rebound.
18:19 of 2nd period - Snap shot by Martin Grenier.
18:19 of 2nd period - Deflect By Peter Mueller.
18:19 of 2nd period - Stopped by James Reimer with a rebound.
18:21 of 2nd period - Wrist shot by Peter Mueller.
18:21 of 2nd period - Shot Misses the Net.
18:23 of 2nd period - Slapshot by Steve Quailer.
18:23 of 2nd period - Goal by Steve Quailer - River Rats : 1 - Saguenéens : 6.
18:24 of 2nd period - Tyler Bozak wins face-off versus Kyle Brodziak in neutral zone.
18:56 of 2nd period - Slapshot by Michael Del Zotto.
18:56 of 2nd period - Stopped by James Reimer without a rebound.
18:57 of 2nd period - Marcus Johansson wins face-off versus Chris Mcallister in Saguenéens zone.
19:46 of 2nd period - Michael Del Zotto is hit by Derek Morris and loses puck.
Goals for this period are 1 for River Rats vs 3 for Saguenéens.
Shots for this period are 8 for River Rats vs 17 for Saguenéens.
3rd period
0:01 of 3rd period - Tyler Bozak wins face-off versus Kyle Brodziak in neutral zone.
0:04 of 3rd period - Slapshot by Martin Grenier.
0:04 of 3rd period - Shot Blocked by Kris Russell.
0:06 of 3rd period - Slapshot by Andy Greene.
0:06 of 3rd period - Shot Blocked by Kris Russell.
0:35 of 3rd period - Off-side.
0:36 of 3rd period - Peter Mueller wins face-off versus Marcus Johansson in neutral zone.
1:32 of 3rd period - Minor Penalty to Martin Grenier for Holding.
1:33 of 3rd period - Tyler Bozak wins face-off versus Brian Flynn in River Rats zone.
2:21 of 3rd period - Evgeny Dadonov is hit by Chris Mcallister and loses puck.
2:58 of 3rd period - Icing by Brian Flynn.
2:59 of 3rd period - Brian Flynn wins face-off versus Kellan Lain in Saguenéens zone.
3:32 of 3rd period - Penalty to Martin Grenier is over, Martin Grenier is back on ice.
4:08 of 3rd period - Mike Sauer is hit by Pavel Valentenko and loses puck.
4:25 of 3rd period - Andy Greene is hit by Eric Tangradi.
4:54 of 3rd period - Taylor Beck is hit by Kyle Brodziak and loses puck.
5:08 of 3rd period - Icing by Eric Tangradi.
5:09 of 3rd period - Tomas Kubalik wins face-off versus Marcus Johansson in Saguenéens zone.
5:16 of 3rd period - Wrist shot by Kellan Lain.
5:16 of 3rd period - Goal by Kellan Lain - River Rats : 2 - Saguenéens : 6.
5:17 of 3rd period - Kyle Brodziak wins face-off versus Tyler Bozak in neutral zone.
5:52 of 3rd period - Minor Penalty to Marcus Johansson for Hooking.
5:53 of 3rd period - Tyler Bozak wins face-off versus David Laliberté in Saguenéens zone.
6:03 of 3rd period - Slapshot by Tyler Bozak.
6:03 of 3rd period - Stopped by James Reimer without a rebound.
6:04 of 3rd period - Tyler Bozak wins face-off versus Petteri Wirtanen in Saguenéens zone.
6:07 of 3rd period - Snap shot by Damien Brunner.
6:07 of 3rd period - Shot Misses the Net.
6:19 of 3rd period - David Laliberté is hit by Andy Greene and loses puck.
6:37 of 3rd period - Off-side.
6:38 of 3rd period - Kyle Brodziak wins face-off versus Peter Mueller in neutral zone.
6:50 of 3rd period - Minor Penalty to Matt Jones for Hooking.
6:51 of 3rd period - Tyler Bozak wins face-off versus Kyle Brodziak in River Rats zone.
6:57 of 3rd period - Slapshot by Tyler Bozak.
6:57 of 3rd period - Stopped by James Reimer with a rebound.
7:52 of 3rd period - Penalty to Marcus Johansson is over, Marcus Johansson is back on ice.
7:59 of 3rd period - Slapshot by Ian Cole.
7:59 of 3rd period - Deflect By Evgeny Dadonov.
7:59 of 3rd period - Shot Misses the Net.
7:59 of 3rd period - Puck is out of play.
8:00 of 3rd period - Tyler Bozak wins face-off versus Brian Flynn in River Rats zone.
8:50 of 3rd period - Penalty to Matt Jones is over, Matt Jones is back on ice.
9:15 of 3rd period - Slapshot by Rhett Rakhshani.
9:15 of 3rd period - Shot Blocked by Bryan Rodney.
10:12 of 3rd period - Wrist shot by Andy Greene.
10:12 of 3rd period - Shot Misses the Net.
10:19 of 3rd period - Off-side.
10:20 of 3rd period - Peter Mueller wins face-off versus Kyle Brodziak in neutral zone.
10:37 of 3rd period - Wrist shot by Jamie Arniel.
10:37 of 3rd period - Shot Misses the Net.
10:53 of 3rd period - Wrist shot by Damien Brunner.
10:53 of 3rd period - Stopped by James Reimer with a rebound.
10:55 of 3rd period - Slapshot by Martin Grenier.
10:55 of 3rd period - Shot Blocked by Mike Sauer.
10:57 of 3rd period - Wrist shot by Andy Greene.
10:57 of 3rd period - Shot Blocked by Petteri Wirtanen.
11:09 of 3rd period - Snap shot by David Laliberté.
11:09 of 3rd period - Stopped by Allen York with a rebound.
11:11 of 3rd period - Snap shot by David Laliberté.
11:11 of 3rd period - Shot Misses the Net.
11:15 of 3rd period - Wrist shot by Joffrey Lupul.
11:15 of 3rd period - Shot Blocked by Martin Grenier.
11:17 of 3rd period - Snap shot by David Laliberté.
11:17 of 3rd period - Deflect By Joffrey Lupul.
11:17 of 3rd period - Shot Blocked by Patrick Maroon.
11:17 of 3rd period - Puck is out of play.
11:18 of 3rd period - Peter Mueller wins face-off versus Kyle Brodziak in River Rats zone.
11:26 of 3rd period - Steve Quailer is hit by Evgeny Dadonov and loses puck.
12:06 of 3rd period - Wrist shot by Brian Flynn.
12:06 of 3rd period - Deflect By Eric Tangradi.
12:06 of 3rd period - Stopped by Allen York with a rebound.
12:08 of 3rd period - Slapshot by Ian Cole.
12:08 of 3rd period - Shot Misses the Net.
12:10 of 3rd period - Slapshot by Kris Russell.
12:10 of 3rd period - Shot Misses the Net.
12:53 of 3rd period - Bryan Rodney is hit by Marcus Johansson and loses puck.
13:12 of 3rd period - David Rundblad is hit by Lauri Korpikoski and loses puck.
13:17 of 3rd period - Snap shot by Tyler Bozak.
13:17 of 3rd period - Shot Misses the Net.
13:36 of 3rd period - Jamie Arniel is hit by Eric Tangradi and loses puck.
13:43 of 3rd period - Eric Tangradi is hit by Jamie Arniel.
13:55 of 3rd period - Tomas Kubalik is hit by Tyler McNeely and loses puck.
14:04 of 3rd period - Derek Morris is hit by Tomas Kubalik.
14:16 of 3rd period - Petteri Wirtanen is hit by Martin Grenier and loses puck.
14:44 of 3rd period - Backhand shot by Marcus Johansson.
14:44 of 3rd period - Shot Blocked by Tyler Bozak.
15:05 of 3rd period - Icing by Jay Beagle.
15:06 of 3rd period - Jamie Arniel wins face-off versus David Moss in River Rats zone.
15:13 of 3rd period - Kyle Brodziak is hit by Taylor Beck and loses puck.
15:22 of 3rd period - Snap shot by David Moss.
15:22 of 3rd period - Stopped by Allen York with a rebound.
15:32 of 3rd period - Slapshot by Tyler Bozak.
15:32 of 3rd period - Shot Misses the Net.
15:34 of 3rd period - Snap shot by Lauri Korpikoski.
15:34 of 3rd period - Deflect By Damien Brunner.
15:34 of 3rd period - Goal by Damien Brunner - River Rats : 3 - Saguenéens : 6.
15:35 of 3rd period - Tyler Bozak wins face-off versus Kyle Brodziak in neutral zone.
15:38 of 3rd period - Slapshot by Martin Grenier.
15:38 of 3rd period - Stopped by James Reimer with a rebound.
15:40 of 3rd period - Snap shot by Tyler Bozak.
15:40 of 3rd period - Goal by Tyler Bozak - River Rats : 4 - Saguenéens : 6.
15:41 of 3rd period - Kellan Lain wins face-off versus Brian Flynn in neutral zone.
15:44 of 3rd period - Slapshot by Andy Greene.
15:44 of 3rd period - Stopped by James Reimer without a rebound.
15:45 of 3rd period - Brian Flynn wins face-off versus Kellan Lain in Saguenéens zone.
16:01 of 3rd period - Off-side.
16:02 of 3rd period - Kyle Brodziak wins face-off versus Damien Brunner in neutral zone.
16:05 of 3rd period - Damien Brunner is hit by Kyle Brodziak.
16:08 of 3rd period - Andy Greene is hit by Kris Russell and loses puck.
16:11 of 3rd period - Minor Penalty to Ian Cole for Hooking.
16:12 of 3rd period - Petteri Wirtanen wins face-off versus Chris Mcallister in Saguenéens zone.
16:27 of 3rd period - Snap shot by Damien Brunner.
16:27 of 3rd period - Shot Misses the Net.
16:51 of 3rd period - David Moss is hit by Andy Greene and loses puck.
17:47 of 3rd period - Icing by Michael Del Zotto.
17:48 of 3rd period - Peter Mueller wins face-off versus Kyle Brodziak in River Rats zone.
17:55 of 3rd period - David Laliberté is hit by Steve Quailer and loses puck.
18:11 of 3rd period - Penalty to Ian Cole is over, Ian Cole is back on ice.
18:18 of 3rd period - Snap shot by Derek Morris.
18:18 of 3rd period - Deflect By Brian Flynn.
18:18 of 3rd period - Stopped by Allen York with a rebound.
18:20 of 3rd period - Snap shot by Brian Flynn.
18:20 of 3rd period - Shot Misses the Net.
18:22 of 3rd period - Slapshot by Bryan Bickell.
18:22 of 3rd period - Stopped by Allen York with a rebound.
18:24 of 3rd period - Slapshot by Derek Morris.
18:24 of 3rd period - Shot Blocked by Andy Greene.
18:56 of 3rd period - Damien Brunner is hit by Evgeny Dadonov and loses puck.
19:24 of 3rd period - Icing by Evgeny Dadonov.
19:25 of 3rd period - Kellan Lain wins face-off versus Evgeny Dadonov in Saguenéens zone.
19:26 of 3rd period - Slapshot by Matt Jones.
19:26 of 3rd period - Stopped by James Reimer without a rebound.
19:27 of 3rd period - Kellan Lain wins face-off versus Brian Flynn in Saguenéens zone.
19:54 of 3rd period - Wrist shot by Steve Quailer.
19:54 of 3rd period - Shot Blocked by Derek Morris.
19:56 of 3rd period - Slapshot by Andy Greene.
19:56 of 3rd period - Shot Misses the Net.
Goals for this period are 3 for River Rats vs 0 for Saguenéens.
Shots for this period are 9 for River Rats vs 5 for Saguenéens.
Output by the SimonT Hockey Simulator (STHS) for François Prévost -- Original Page W3C XHTML 1.0 Valid